Description

Gas first timings for fast Battlecruiser build.

Replay - Para Site LE (TvZ) Hellion Battlecruiser for Spawning Tool

Build Order

Get SALT Encoding   

  12  0:01  SCV  
  13  0:14  SCV  
  13  0:17  Supply Depot  
  14  0:28  SCV  
  15  0:30  Refinery  
  15  0:40  SCV  
  16  0:45  Barracks  
  16  0:53  SCV  
  17  1:05  SCV  
  18  1:17  SCV  
  19  1:32  Orbital Command  
  19  1:33  Reaper  
  20  1:44  Command Center  
  20  1:53  Factory  
  20  1:58  SCV  
  21  2:05  Supply Depot  
  21  2:09  Barracks Reactor  
  21  2:11  SCV  
  22  2:16  Refinery  
  22  2:23  SCV  
  24  2:39  Factory Tech Lab  
  24  2:45  Starport  
  24  2:57  Orbital Command  
  24  3:00  Hellion x2  
  28  3:12  Supply Depot  
  29  3:22  Hellion x2  
  29  3:25  Viking  
  35  3:29  Barracks Tech Lab  
  35  3:30  Fusion Core  
  37  3:43  Hellion x2  
  41  3:59  Supply Depot  
  43  4:09  Refinery  
  45  4:27  Battlecruiser  
  53  4:34  Hellion x2  
  59  4:44  Supply Depot  
  59  4:51  Weapon Refit  
  61  5:03  Command Center  
  61  5:13  Hellion x2  
  67  5:26  Refinery  
  70  6:14  Battlecruiser  
  81  6:19  Command Center  
  81  6:25  Factory x2  
  81  6:31  Barracks Tech Lab  
  87  6:47  Orbital Command  
  89  6:59  Armory x2  
  89  7:01  Engineering Bay  
  89  7:11  Barracks Tech Lab  
  89  7:16  Factory Tech Lab  
  89  7:19  Battlecruiser  
  98  7:47  Refinery x2  
  98  7:49  Cyclone x2, Barracks Tech Lab  
Spawning Tool Build Advisor. Get it on Overwolf

Analysis

Should be in thier 3rd with hellions while at the same time BC teleports into main. 5:30 timing.

Go to:

Details

  • Created by: silverhorn  
  • Published on: Jan 11, 2019
  • Modified on: Jan 11, 2019
  • Patch: 4.7.1
Show
View Real Time Build Order
Export as new Build Order

Comments (0)

There are no comments. Be the first!

Create an account to comment!